 Dungeon Crawl Stone Soup version 0.28-a0-1555-g9ae15a6949 (webtiles) character file.

Game seed: 8375335270214744872

37 Pin the Chopper (level 3, 0/31 HPs)
             Began as a Hill Orc Monk on Jan 19, 2022.
             Slain by an orc (1 damage)
             ... created by the wrath of Beogh
             ... on level 2 of the Dungeon.
             The game lasted 00:02:38 (1252 turns).

Pin the Chopper (Hill Orc Monk)                     Turns: 1252, Time: 00:02:39

Health: 0/31       AC:  5    Str: 15    XL:     3   Next: 41%
Magic:  3/3        EV: 11    Int: 10    God:
Gold:   38         SH:  0    Dex: 13    Spells: 2/2 levels left

rFire   . . .      SeeInvis .   a - +0 hand axe
rCold   . . .      Faith    .   (no shield)
rNeg    . . .      Spirit   .   c - +0 ring mail
rPois   .          Reflect  .   (no helmet)
rElec   .          Harm     .   (no cloak)
rCorr   .          Rampage  .   (no gloves)
Will    .....                   (no boots)
Stlth   ..........              (no amulet)
HPRegen 0.10/turn               (no ring)
MPRegen 0.08/turn               (no ring)

@: confused
A: no striking features
a: no special abilities


You were on level 2 of the Dungeon.
You visited 1 branch of the dungeon, and saw 2 of its levels.

You collected 38 gold pieces.

Inventory:

Hand Weapons
 a - a +0 hand axe (weapon)
Armour
 c - a +0 ring mail (worn)
Jewellery
 g - a ring of flight
Scrolls
 b - a scroll of enchant weapon {unknown}
 d - a scroll of magic mapping {unknown}
 h - a scroll of enchant armour {unknown}
Potions
 e - 2 potions of lignification {unknown}
 f - a potion of flight {unknown}


   Skills:
 - Level 3.6 Fighting
 - Level 4.0 Axes
 + Level 3.2 Armour
 - Level 2.4 Dodging
 - Level 1.5 Stealth


You had 2 spell levels left.
You didn't know any spells.
Your spell library contained the following spells:

 Spells                   Type           Power      Damage    Failure   Level
 Freeze                   Ice            0%         1d3       58%         1


Dungeon Overview and Level Annotations

Branches:
Dungeon (2/15)

Altars:
Beogh

Shops:
D:1 ![=(


Message History

The orc is heavily wounded.
You hit the orc but do no damage.
The orc wizard gestures wildly while chanting.
The orc wizard flickers and vanishes!
Deactivating autopickup; reactivate with Ctrl-A.
The orc hits you with a +0 whip.
An orc comes into view. It is wielding a +0 club.
You barely miss the orc.
The orc is heavily wounded.
You closely miss the orc. The orc closely misses you.
You barely miss something. You hit the orc but do no damage.
The orc hits you with a +0 club.
You hit something. You hit the orc. The orc hits you but does no damage.
Something hits you but does no damage.
You barely miss something. You hit the orc but do no damage.
The orc hits you but does no damage. Something hits you.
You slash something! You hit the orc but do no damage.
The orc hits you but does no damage.
You hear some strange, mumbled words.
You are confused.
You hear a shout!
You bump into the rock wall.
The orc hits you with a +0 club. Something hits you.
You completely miss something. You miss the orc. The orc closely misses you.
Something hits you but does no damage.
An orc wizard comes into view. It is wielding a +0 dagger.
You bump into the rock wall.
The orc hits you with a +0 club.
* * * LOW HITPOINT WARNING * * *
Something hits you but does no damage.
You bump into the rock wall.
The orc hits you with a +0 club.
* * * LOW HITPOINT WARNING * * *
You hear some strange, mumbled words.
A magic dart appears from out of thin air!
The magic dart hits you.
* * * LOW HITPOINT WARNING * * *
You miss something. You hit the orc but do no damage.
The orc completely misses you. Something hits you.
* * * LOW HITPOINT WARNING * * *
The orc hits you with a +0 club.
You die...

##.... #. .........#
# ..... #.
#.....†..# #.#....
#.####.....<.#
....#..## #..#
#.......# .....(.†#
#.####.###..##
#...####...#†.#
#...#
##.).........##
#.#.#
####o####....###.#.#
#..@{o# ##.<..##.#..
#.###o# #...#....##.
# o# #.#.###..... .#
#.#.. ##.### ..
..##.# #.# # #...#
.. #.# ..# ## ...
... ###..


You could see an orc wizard and 2 orcs.

Vanquished Creatures
  Natasha (D:2)
  2 ball pythons (D:1)
  An endoplasm (D:2)
  3 goblins (D:1)
  2 kobolds
  2 bats
  2 frilled lizards
  A rat (D:2)
14 creatures vanquished.

Notes
Turn   | Place    | Note
-------+----------+-------------------------------------------
     0 | D:1      | Pin the Hill Orc Monk began the quest for the Orb.
     0 | D:1      | Reached XP level 1. HP: 19/19 MP: 1/1
   175 | D:1      | Found Puor's Jewellery Boutique.
   434 | D:1      | Found Raeg's Antique Armour Shop.
   499 | D:1      | Reached skill level 1 in Armour
   505 | D:1      | Found a faded altar of an unknown god.
   508 | D:1      | Got Plato's Reference Book on the Snowflakes
   517 | D:1      | Found Vuidghon's Antique Weapon Emporium.
   542 | D:1      | Prayed at the altar of an unknown god.
   542 | D:1      | Became a worshipper of Beogh the Brigand
   542 | D:1      | Reached * piety under Beogh
   542 | D:1      | Reached ** piety under Beogh
   543 | D:1      | Fell from the grace of Beogh
   705 | D:1      | Found Xigio's Distillery.
   733 | D:1      | Reached XP level 2. HP: 25/26 MP: 2/2
  1156 | D:2      | Noticed Natasha
  1166 | D:2      | Killed Natasha
  1167 | D:2      | Reached XP level 3. HP: 22/31 MP: 3/3
  1252 | D:2      | HP: 1/31 [something (4)]
  1252 | D:2      | Slain by an orc

Illustrated notes

Levels and vault maps discovered:
D:1:      dpeg_chamrin_arrival_tetris, layout_loops_ring,
          shapermc_ecumenical_altar_rom_forum, serial_shops, nicolae_shop_trees,
          nicolae_shop_hallway_stairs, shop, shop, kennysheep_small_spiral,
          minivault_26
D:2:      layout_rooms, hangedman_glass_teeth, corner_web_ring, uniq_natasha

Skill      XL: |  1  2 |
---------------+-------+-----
Armour         | 1 3 |  3.2
Fighting       | |  3.6
Axes           | |  4.0
Dodging        | |  2.4
Stealth        | |  1.5

Action                   || total
-------------------------++-------
Melee: Hand axe          ||    48
       Punch             ||     1
Invok: Renounce Religion ||     1
 Stab: Sleeping          ||     1
Armor: Ring mail         ||    12
       Robe              ||     1
Dodge: Dodged            ||    28

Table legend: (Time is in decaauts)
 A = Elapsed time spent in this place.
 B = Non-inter-level travel time spent in this place.
 C = Inter-level travel time spent in this place.
 D = Time resting spent in this place.
 E = Time spent auto-exploring this place.
 F = Levels seen in this place.
 G = Mean time per level.
                   A        B        C        D        E       F      G
               +--------+--------+--------+--------+--------+-----+--------+
         Total |   1260 |   1197 |     63 |     68 |    907 |   2 |  630.0 |
       Dungeon |   1260 |   1197 |     63 |     68 |    907 |   2 |  630.0 |
               +--------+--------+--------+--------+--------+-----+--------+

Top non-repeatable levels by time:
     D:1: 1016 daAuts
     D:2: 243 daAuts
